 Dungeon Crawl Stone Soup version 0.27-a0-951-gae3e1deef5 (webtiles) character file.

Game seed: 10188804172240791005

2958 jasper the Cleaver (level 9, -2/68 HPs)
             Began as a Demonspawn Wanderer on Apr 11, 2021.
             Was a Priest of Nemelex Xobeh.
             Engulfed by a cloud of steam (5 damage)
             ... on level 8 of the Dungeon.
             The game lasted 00:18:07 (9166 turns).

jasper the Cleaver (Demonspawn Wanderer)            Turns: 9166, Time: 00:18:07

Health: -2/68      AC: 10    Str: 17    XL:     9   Next: 52%
Magic:  13/13      EV: 18    Int: 14    God:    Nemelex Xobeh [***...]
Gold:   119        SH:  0    Dex: 23    Spells: 6/8 levels left

rFire    . . .     SeeInvis .   E - +3 war axe (freeze)
rCold    . . .     Faith    .   (no shield)
rNeg     . . .     Spirit   .   p - +0 scale mail
rPois    .         Reflect  .   A - +1 helmet
rElec    .         Harm     .   (no cloak)
rCorr    .         Rampage  .   o - +0 pair of gloves
Will     .....                  (no boots)
Stlth    ++........             (no amulet)
HPRegen  0.21/turn              j - +6 ring of dexterity
MPRegen  0.13/turn              y - +6 ring of strength

@: agile, studying Stealth
A: powered by pain 3, sturdy frame 1
a: Renounce Religion, Draw Escape, Draw Destruction, Draw Summoning, Triple Draw


You were on level 8 of the Dungeon.
You worshipped Nemelex Xobeh.
Nemelex Xobeh was most pleased with you.
You visited 2 branches of the dungeon, and saw 9 of its levels.

You collected 333 gold pieces.
You spent 214 gold pieces at shops.

Inventory:

Hand Weapons
 a - a +2 dagger
 c - a +0 spear
 d - a +0 hand axe
 h - a +2 trident of venom
 t - a +2 halberd
 E - a +3 war axe of freezing (weapon)
Missiles
 i - 176 stones (quivered)
 u - 2 throwing nets
 w - 6 javelins
 F - a curare-tipped dart
Armour
 b - a +0 chain mail
 e - a +0 robe
 n - a +0 leather armour
 o - a +0 pair of gloves (worn)
 p - a +0 scale mail (worn)
 A - a +1 helmet (worn)
Magical Staves
 g - a staff of cold
Jewellery
 j - a +6 ring of dexterity (left hand)
 y - a +6 ring of strength (right hand)
Wands
 k - a wand of random effects (14)
 J - a wand of flame (22)
Scrolls
 f - 3 scrolls of amnesia
 s - a scroll of fog
 C - a scroll of teleportation
 D - 2 scrolls of fear
Potions
 l - a potion of cancellation
 m - a potion of might
 q - a potion of curing
 r - a potion of ambrosia
 v - a potion of brilliance {unknown}
 x - a potion of mutation {unknown}
 z - a potion of heal wounds
 B - a potion of magic {unknown}
 H - a potion of invisibility


   Skills:
 - Level 5.3 Fighting
 + Level 8.2(8.3) Axes
 - Level 1.7(5.4) Polearms
 - Level 4.3 Armour
 - Level 4.5 Dodging
 - Level 1.7 Stealth
 - Level 1.0 Shields
 - Level 6.3 Invocations


You had 6 spell levels left.
You knew the following spells:

 Your Spells              Type           Power      Damage    Failure   Level
a - Wereblood             Tmut           0%         N/A       65%         2

Your spell library contained the following spells:

 Spells                   Type           Power      Damage    Failure   Level
 Beastly Appendage        Tmut           0%         N/A       52%         1
 Spider Form              Tmut/Pois      0%         N/A       87%         3
 Ice Form                 Ice/Tmut       0%         N/A       99%         4
 Hydra Form               Tmut           0%         N/A       100%        5


Dungeon Overview and Level Annotations

Branches:
Dungeon (8/15)             Temple (1/1) D:4
   Lair: D:8-11

Altars:
Ashenzari
Cheibriados
Dithmenos
Elyvilon
Fedhas
Gozag
Hepliaklqana
Kikubaaqudgha
Makhleb
Nemelex Xobeh
Okawaru
Qazlal
Ru
Sif Muna
Trog
Uskayaw
Vehumet
Wu Jian
Xom
Yredelemnul
Zin
The Shining One

Shops:
D:6 ![(   D:7 :*!

Annotations:
D:2 Natasha
D:3 Sigmund, Terence
D:4 Menkaure
D:5 2 runed translucent doors, harryhousin's ghost, weakling DgDe
D:6 Dowan; Duvessa; Prince Ribbit


Innate Abilities, Weirdness & Mutations

You are powered by pain.
Your movements are slightly less encumbered by armour. (ER -2)


Message History

The steam dragon breathes steam at you. The ball of steam misses you.
The steam dragon closely misses you. The steam dragon claws you.
You take 1 damage, and have 35/68 hp.
You slash the steam dragon! You freeze the steam dragon.
The steam dragon is heavily wounded.
The steam dragon bites you but does no damage.
The steam dragon misses you.
You barely miss the steam dragon.
The steam dragon is heavily wounded.
The steam dragon bites you!
The steam dragon claws you but does no damage.
The steam dragon barely misses you. The steam dragon closely misses you.
You take 7 damage, and have 28/68 hp.
You closely miss the steam dragon.
The steam dragon is heavily wounded.
The steam dragon bites you but does no damage.
The steam dragon barely misses you.
You slash the steam dragon! You freeze the steam dragon.
The steam dragon is almost dead.
The steam dragon bites you. The steam dragon barely misses you.
You take 4 damage, and have 24/68 hp.
You hit the steam dragon. You freeze the steam dragon.
The steam dragon is almost dead.
The steam dragon breathes steam at you. The ball of steam hits you!
* * * LOW HITPOINT WARNING * * *
You focus on the pain.
You feel more agile all of a sudden.
You take 13 damage, and have 11/68 hp.
The steam dragon breathes steam at you. The ball of steam hits you!
* * * LOW HITPOINT WARNING * * *
You take 8 damage, and have 3/68 hp.
The steam dragon closely misses you. x2
You slash the steam dragon! You freeze the steam dragon.
You kill the steam dragon!
You are engulfed in a cloud of scalding steam.
You die...
Your body glows with a rainbow of weird colours and disappears.

#.#..#.##.# ##.######[#.(....#.
###..#.##[# #.##......D(#.....
..........# #.##)###........#*
####.#.##.# ##.##.#####)#..#.##
#.#.##.# #...#.##..{.......#
####......# #...#.##.##.#..##.#
..####.#### #...#.##.##.#.....,
#.# #.# #####...#.......#.###.#
#.####.####§....@......####.#**,#
...[......§.§§§.§......# *..,,,,
.)##...####.§...§§....## *##*,**
..##...# #####...##### *,*
..#....# #..§# *,* ..#...## #..§#
*,* ......# ##..§### *,* .)....#
#...§..# *,*
.)#.##########.#.##.### *,*


There were no monsters in sight!

Vanquished Creatures
  2 steam dragons
  A water moccasin (D:6)
  2 orc warriors (D:7)
  A sky beast (D:7)
  5 ice beasts
  2 ogres
  3 centaurs
  A kobold brigand (D:8)
  4 bullfrogs
  2 scorpions
  A water moccasin skeleton (D:6)
  4 wights
  A killer bee (D:2)
  A howler monkey (D:7)
  A centaur zombie (D:8)
  An orc priest (D:8)
  2 hounds
  A jelly (D:8)
  A gnoll shaman (D:7)
  4 bullfrog zombies
  Jessica (D:3)
  6 orc wizards
  Natasha (D:2)
  2 killer bee zombies
  A hound skeleton (D:4)
  8 gnolls (D:7)
  2 howler monkey skeletons (D:7)
  7 adders
  A shadow imp (D:6)
  2 white imps
  An ufetubus (D:6)
  2 worms
  A dart slug (D:1)
  14 orcs
  4 ball pythons
  6 endoplasms
  6 giant cockroaches
  8 goblins
  2 hobgoblins (D:2)
  5 bats
  4 frilled lizards
  6 kobolds
  A quokka skeleton (D:4)
  7 rats
138 creatures vanquished.

Vanquished Creatures (collateral kills)
  A bat (D:2)
1 creature vanquished.

Vanquished Creatures (others)
  An orc wizard (D:5)
1 creature vanquished.

Grand Total: 140 creatures vanquished

Notes
Turn   | Place    | Note
-------+----------+-------------------------------------------
     0 | D:1      | jasper the Demonspawn Wanderer began the quest for the Orb.
     0 | D:1      | jasper set off with the following items: a +2 dagger, a
                  | potion of haste, a +0 spear, a +0 hand axe, a +0 robe
     0 | D:1      | Reached XP level 1. HP: 16/16 MP: 1/1
    73 | D:1      | Reached skill level 2 in Axes
   505 | D:1      | Gained mutation: Your movements are slightly less
                  | encumbered by armour. (ER -2) [demonic ancestry]
   505 | D:1      | Reached XP level 2. HP: 22/22 MP: 2/2
   913 | D:1      | Found a faded altar of an unknown god.
   945 | D:1      | Reached skill level 3 in Axes
   956 | D:1      | Became a worshipper of Nemelex Xobeh the Trickster
   956 | D:1      | Reached * piety under Nemelex Xobeh
   956 | D:1      | Received a gift from Nemelex Xobeh
  1365 | D:2      | Noticed Natasha
  1367 | D:2      | Noticed Natasha
  1367 | D:2      | Natasha changed into Natasha the killer bee
  1368 | D:2      | Killed Natasha the killer bee
  1369 | D:2      | Reached XP level 3. HP: 27/27 MP: 3/3
  1369 | D:2      | Gained mutation: You sometimes gain a little power by
                  | taking damage. [demonic ancestry]
  1369 | D:2      | Reached XP level 4. HP: 33/33 MP: 4/4
  1373 | D:2      | Reached skill level 4 in Axes
  1618 | D:2      | Noticed Natasha
  1623 | D:2      | Killed Natasha
  1811 | D:2      | Noticed Natasha
  2101 | D:3      | Noticed Jessica
  2125 | D:3      | Killed Jessica
  2126 | D:3      | Reached XP level 5. HP: 34/38 MP: 5/5
  2137 | D:3      | Noticed Terence
  2143 | D:3      | Noticed Sigmund
  2305 | D:3      | Reached ** piety under Nemelex Xobeh
  2334 | D:3      | Reached skill level 5 in Axes
  2682 | D:4      | Noticed a centaur
  2700 | D:4      | Killed a centaur
  2701 | D:4      | Gained mutation: You sometimes gain power by taking damage.
                  | [demonic ancestry]
  2701 | D:4      | Reached XP level 6. HP: 32/44 MP: 6/6
  2818 | D:4      | Found a staircase to the Ecumenical Temple.
  2827 | Temple   | Entered the Ecumenical Temple
  3168 | D:4      | Reached skill level 6 in Axes
  3514 | D:4      | Reached skill level 1 in Invocations
  4052 | D:4      | Noticed Menkaure
  4196 | D:5      | Entered Level 5 of the Dungeon
  4262 | D:5      | Reached skill level 1 in Armour
  4412 | D:5      | Gained mutation: You are powered by pain. [demonic
                  | ancestry]
  4412 | D:5      | Reached XP level 7. HP: 39/51 MP: 8/8
  4535 | D:5      | Found a bloodstained altar of Trog.
  4549 | D:5      | Received a gift from Nemelex Xobeh
  4550 | D:5      | Found a large runed translucent door.
  4551 | D:5      | Found a large runed translucent door.
  4552 | D:5      | Noticed harryhousin's ghost (weakling DgDe)
  5279 | D:6      | Found Yhuzyrph's Antique Weapon Shoppe.
  5446 | D:6      | Reached *** piety under Nemelex Xobeh
  5461 | D:6      | Found Yseofer's Antique Armour Shoppe.
  5475 | D:6      | Bought a helmet for 144 gold pieces
  6359 | D:6      | Reached XP level 8. HP: 22/58 MP: 10/10
  6813 | D:6      | Reached skill level 7 in Axes
  6871 | D:6      | HP: 1/60 [ogre/+0 giant club (18)]
  6878 | D:6      | Noticed a boulder beetle
  6987 | D:6      | Noticed Prince Ribbit
  6998 | D:6      | Found Duercha's Distillery.
  7007 | D:6      | Bought a potion of heal wounds for 70 gold pieces
  7010 | D:6      | Noticed Dowan
  7011 | D:6      | Noticed Duvessa
  7325 | D:6      | Reached skill level 5 in Invocations
  7355 | D:7      | Found Uchogab's Book Boutique.
  7362 | D:7      | Found Boir's Assorted Antiques.
  7402 | D:6      | Reached XP level 9. HP: 37/67 MP: 13/13
  7663 | D:7      | Found Deheclaz's Distillery.
  7808 | D:7      | Reached skill level 5 in Fighting
  8959 | D:8      | Learned a level 2 spell: Wereblood
  9014 | D:8      | Reached skill level 8 in Axes
  9164 | D:8      | HP: 3/68 [steam dragon/ball of steam (9)]
  9166 | D:8      | Engulfed by a cloud of steam

Illustrated notes

Levels and vault maps discovered:
D:1:      dpeg_arrival_pits, layout_loops_cross, shapermc_ecumenical_altar_venn
D:2:      minmay_diamond_boxcup, layout_loops_cross, uniq_natasha
D:3:      layout_rooms, uniq_terence, uniq_sigmund, uniq_ijyb, uniq_jessica,
          uniq_crazy_yiuf_cottage
D:4:      layout_loops_ring, minmay_temple_entry_hall, portal_sewer_entry_f,
          minmay_manual_monstrance, uniq_menkaure
D:5:      layout_loops_corners, trog_three_pillars_becter,
          ebering_ghost_disaster_area
D:6:      cheibrodos_barr_body, layout_gridville, serial_shops,
          nicolae_shop_crystal, shop, shop, uniq_blork_the_orc, uniq_duvessa,
          uniq_prince_ribbit1
D:7:      layout_basic, serial_shops, shop, shop, nicolae_shop_stone
D:8:      layout_loops_cross
Temple:   compressed_dpeg_triangle_lava_temple

Skill      XL: |  1  2  3  4  5  6  7  8  9 |
---------------+----------------------------+-----
Axes           | 2 3 4 5 6 7 8 |  8.2
Invocations    | 1 3 5 6 |  6.3
Armour         | 1 2 3 4 |  4.3
Dodging        | 2 4 |  4.5
Fighting       | 3 4 5 |  5.3
Polearms       | |  1.7
Stealth        | |  1.7
Shields        | |  1.0

Action                   |  1- 3 |  4- 6 |  7- 9 || total
-------------------------+-------+-------+-------++-------
Melee: Hand axe          |    49 |   138 |       ||   187
       Trident           |       |    40 |   314 ||   354
       War axe           |       |       |    30 ||    30
Throw: Stone             |    44 |    15 |    18 ||    77
       Boomerang         |       |       |    17 ||    17
Invok: Draw Destruction  |     2 |       |     3 ||     5
       Draw Summoning    |       |     1 |       ||     1
       Draw Escape       |       |     2 |     2 ||     4
Evoke: Wand              |       |       |     3 ||     3
  Use: Scroll            |       |     7 |    11 ||    18
       Potion            |       |     4 |     2 ||     6
 Stab: Sleeping          |     1 |     4 |       ||     5
       Distracted        |       |     1 |     1 ||     2
       Invisible         |       |     2 |       ||     2
Armor: Robe              |    14 |       |       ||    14
       Leather armour    |     5 |       |       ||     5
       Scale mail        |     3 |    73 |   139 ||   215
Dodge: Dodged            |    26 |    80 |   217 ||   323

Table legend: (Time is in decaauts)
 A = Elapsed time spent in this place.
 B = Non-inter-level travel time spent in this place.
 C = Inter-level travel time spent in this place.
 D = Time resting spent in this place.
 E = Time spent auto-exploring this place.
 F = Levels seen in this place.
 G = Mean time per level.
                   A        B        C        D        E       F      G
               +--------+--------+--------+--------+--------+-----+--------+
         Total |   9191 |   8740 |    451 |   2701 |   4285 |   9 | 1021.2 |
       Dungeon |   9007 |   8574 |    433 |   2701 |   4121 |   8 | 1125.9 |
        Temple |    183 |    165 |     18 |      0 |    164 |   1 |  183.0 |
               +--------+--------+--------+--------+--------+-----+--------+

Top non-repeatable levels by time:
     D:4: 2105 daAuts
     D:6: 2035 daAuts
     D:1: 1196 daAuts
     D:2: 993 daAuts
     D:8: 841 daAuts
     D:5: 816 daAuts
     D:7: 789 daAuts
     D:3: 229 daAuts
  Temple: 183 daAuts
